 Dungeon Crawl Stone Soup version 0.27.1-2-g3b301248ec (webtiles) character file.

Game seed: 10591044270561647608

18 Descartes the Sneak (level 2, 0/15 HPs)
             Began as a Felid Wanderer on Oct 2, 2021.
             Succumbed to a kobold's poison
             ... on level 2 of the Dungeon.
             The game lasted 00:01:01 (1021 turns).

Descartes the Sneak (Felid Wanderer)                Turns: 1021, Time: 00:01:01

Health: 0/15       AC:  1    Str:  9    XL:     2   Next: 51%
Magic:  3/3        EV: 16    Int: 13    God:
Gold:   49         SH:  0    Dex: 14    Spells: 1/1 levels left
                                        Lives:  0   Deaths: 0

rFire    . . .     SeeInvis +     - Unarmed
rCold    . . .     Faith    .   (shield unavailable)
rNeg     . . .     Spirit   .   (armour unavailable)
rPois    .         Reflect  .   (helmet unavailable)
rElec    .         Harm     .   (cloak unavailable)
rCorr    .         Rampage  .   (gloves unavailable)
Will     .....                  (boots unavailable)
Stlth    +++.......             (no amulet)
HPRegen  0.05/turn              (no ring)
MPRegen  0.08/turn              (no ring)

@: lethally poisoned (0 -> -4), quick
A: very small, claws 1, fangs 3, see invisible, speed 1, shaggy fur 1, stealthy
paws, no weapons or thrown items, no armour, multi-lived
a: no special abilities


You were on level 2 of the Dungeon.
You visited 1 branch of the dungeon, and saw 2 of its levels.

You collected 49 gold pieces.

Inventory:

Missiles
 e - 49 stones
Scrolls
 b - 2 scrolls of teleportation
 d - a scroll of vulnerability {unknown}
Potions
 a - a potion of haste
 c - a potion of lignification {unknown}
 f - a potion of degeneration {unknown}


   Skills:
 - Level 4.0 Fighting
 + Level 2.0 Dodging
 * Level 5.9 Stealth
 + Level 1.4 Unarmed Combat


You had one spell level left.
You didn't know any spells.
Your spell library was empty.

Dungeon Overview and Level Annotations

Branches:
Dungeon (2/15)

Altars:


Innate Abilities, Weirdness & Mutations

You have sharp claws.
You have razor-sharp teeth.
You have supernaturally acute eyesight. (SInv)
You cover ground quickly. (Speed+)
You are covered in fur. (AC +1)
Your paws help you pounce on unaware monsters.
You are incapable of wielding weapons or throwing items.
You cannot wear armour.
You gain extra lives every three experience levels.


Message History

You now have 49 gold pieces (gained 11).
You see here 17 sling bullets.
There is a stone staircase leading up here.
Found 32 bolts.
Found a fuming cyan potion.
f - a fuming cyan potion You open the door.
A kobold comes into view.
It is wielding a +2 short sword of venom.
The kobold shouts!
Found 22 stones.
The kobold hits you with a +2 short sword of venom.
You scratch the kobold.
The kobold is severely wounded.
The kobold closely misses you.
A goblin comes into view. It is wielding a +0 club.
You barely miss the kobold.
The kobold is severely wounded.
The kobold hits you with a +2 short sword of venom.
You are lethally poisoned!
You scratch the kobold.
You kill the kobold!
You feel very sick.
You are too injured to fight recklessly!
You are too injured to fight recklessly!
You are too injured to fight recklessly!
You are too injured to fight recklessly!
You are too injured to fight recklessly!
You are too injured to fight recklessly!
You are too injured to fight recklessly!
You are too injured to fight recklessly!
Unknown command.
* * * LOW HITPOINT WARNING * * *
You feel sick.
* * * LOW HITPOINT WARNING * * *
You feel sick.
* * * LOW HITPOINT WARNING * * *
You feel sick.
* * * LOW HITPOINT WARNING * * *
You feel sick.
You die...

#...................#.....#
#####......#.####.#.#......
#......#.####.#......!.
#.............#.#......
#.#####..........####.#......
#.....'...(........ ..#†.....
#..####........... ...#.##...
#.......## #.###.. ...
#.....@.# .. #.$ ##
######..###### #.#. #........
..#. #######...##### #.#..
..........# ........#+#
.#.##.#.)..# .. #.##g..# #.
...#


You could see a goblin.

Vanquished Creatures
  3 bats (D:1)
  An endoplasm (D:1)
  2 giant cockroaches (D:1)
  2 goblins (D:1)
  A hobgoblin (D:1)
  2 kobolds
  A quokka (D:2)
  3 ball pythons (D:1)
  3 rats (D:1)
18 creatures vanquished.

Notes
Turn   | Place    | Note
-------+----------+-------------------------------------------
     0 | D:1      | Descartes the Felid Wanderer began the quest for the Orb.
     0 | D:1      | Descartes set off with the following items: a potion of
                  | haste, 2 scrolls of teleportation
     0 | D:1      | Reached XP level 1. HP: 11/11 MP: 2/2
   185 | D:1      | Reached XP level 2. HP: 15/15 MP: 3/3
   696 | D:1      | Found a faded altar of an unknown god.
  1021 | D:2      | Succumbed to a kobold's poison

Illustrated notes

Levels and vault maps discovered:
D:1:      tarquinn_simple_flora_water_c, layout_loops_ring,
          dilly_ecumenical_altar_fadedgnrine, nrook_uturn, wad_woods_river_04,
          chequers_serial_rivers_micro_c, minmay_misc_feat_more_columns
D:2:      layout_basic, hangedman_abyss_or_decor_stabs, minmay_misc_feat_tower

Skill      XL: |  1  2 |
---------------+-------+-----
Dodging        | 2 |  2.0
Fighting       | |  4.0
Stealth        | |  5.9
Unarmed Combat | |  1.4

Action                   || total
-------------------------++-------
Melee: Unarmed           ||    40
       Bite              ||     4
 Stab: Sleeping          ||     6
Armor: Skin              ||     2
Dodge: Dodged            ||    29
